 Dungeon Crawl Stone Soup version 0.29.1-2-gbd0b4ee654 (webtiles) character file.

Game seed: 1086120972805226130

77 GorkyZ the Magician (level 4, 0/24 HPs)
             Began as a Gargoyle Hedge Wizard on Nov 18, 2022.
             Slain by a gnoll
             ... wielding a +2 vorpal halberd
              (9 damage)
             ... on level 3 of the Dungeon.
             The game lasted 00:09:11 (3483 turns).

GorkyZ the Magician (Gargoyle Hedge Wizard)         Turns: 3483, Time: 00:09:11

Health: 0/24       AC:  6    Str: 13    XL:     4   Next: 34%
Magic:  0/8        EV: 12    Int: 17    God:
Gold:   79         SH:  0    Dex:  9    Spells: 8/9 levels left

rFire   . . .      SeeInvis .   a - +0 dagger
rCold   . . .      Faith    .   (no shield)
rNeg    + . .      Spirit   .   b - +0 robe
rPois   ∞          Reflect  .   c - +0 hat
rElec   +          Harm     .   (no cloak)
rCorr   .          Rampage  .   (no gloves)
Will    .....                   f - +0 pair of boots
Stlth   ++........              (no amulet)
HPRegen 0.08/turn               (no ring)
MPRegen 0.11/turn               (no ring)

@: very slightly contaminated
A: sickness immunity, AC +3, negative energy resistance 1, electricity
resistance, torment resistance 1, petrification resistance
a: no special abilities


You were on level 3 of the Dungeon.
You visited 1 branch of the dungeon, and saw 3 of its levels.

You collected 79 gold pieces.

Inventory:

Hand Weapons
 a - a +0 dagger (weapon)
Armour
 b - a +0 robe (worn)
 c - a +0 hat (worn)
 f - a +0 pair of boots (worn)
Scrolls
 d - a scroll of magic mapping {unknown}
 e - 2 scrolls of enchant weapon {unknown}
 i - a scroll of noise {unknown}
 j - a scroll of identify {unknown}
Potions
 g - a potion of flight {unknown}
 h - a potion of brilliance {unknown}


   Skills:
 + Level 2.0 Dodging
 - Level 2.1 Stealth
 + Level 3.3 Spellcasting
 + Level 2.0 Conjurations
 + Level 1.4 Summonings
 + Level 1.5 Translocations
 + Level 0.8 Air Magic
 + Level 1.0 Poison Magic


You had 8 spell levels left.
You knew the following spells:

 Your Spells              Type           Power      Damage    Failure   Level
a - Magic Dart            Conj           36%        1d4       8%          1

Your spell library contained the following spells:

 Spells                   Type           Power      Damage    Failure   Level
 Blink                    Tloc           16%        N/A       14%         2
 Call Imp                 Summ           7%         N/A       14%         2
 Slow                     Hex            8%         N/A       17%         1
 Mephitic Cloud           Conj/Pois/Air  7%         N/A       30%         3
 Conjure Flame            Conj/Fire      6%         6-21      34%         3


Dungeon Overview and Level Annotations

Branches:
Dungeon (3/15)

Altars:

Shops:
D:3 *


Innate Abilities, Weirdness & Mutations

You are immune to sickness and miasma.
Your stone body is resilient. (AC +3)
You are immune to poison.
You resist negative energy. (rN+)
You are resistant to electric shocks. (rElec)
You are resistant to unholy torment.
You are immune to petrification.


Message History

You miscast Magic Dart.
You are very lightly contaminated with residual magic.
Nothing appears to happen.
The bat hits you but does no damage. The gnoll barely misses you.
The orc misses you.
The ball python bites you but does no damage.
The ball python barely misses you.
The magic dart hits the bat.
The bat is severely wounded.
The bat closely misses you. The ball python barely misses you. x2
The gnoll barely misses you. The orc misses you.
A gnoll comes into view. It is wielding a +0 spear.
The magic dart hits the orc.
The orc is moderately wounded.
The ball python completely misses you. The ball python closely misses you.
The gnoll hits you from afar with a +2 vorpal halberd.
The orc closely misses you. The bat barely misses you.
The ball python misses you. The ball python barely misses you.
You are too injured to fight recklessly!
You are too injured to fight recklessly!
Unknown command.
Aiming: Magic Dart (safe; 8% risk of failure)
Press: ? - help, Q - select action Shift-Dir - straight line, f/p - orc
Aim: an orc, wielding a +0 dagger and wearing a +0 leather armour (moderately wounded, 100% to hit)
The magic dart hits the orc but does no damage.
The orc is moderately wounded.
The bat closely misses you.
The orc wizard casts a spell.
The orc wizard flickers and vanishes!
Deactivating autopickup; reactivate with Ctrl-A.
The orc completely misses you. The gnoll closely misses you.
The ball python bites you. The ball python barely misses you.
Unknown command.
Aiming: Magic Dart (safe; 8% risk of failure)
Press: ? - help, Q - select action Shift-Dir - straight line, f/p - orc
Aim: an orc, wielding a +0 dagger and wearing a +0 leather armour (moderately wounded, 100% to hit)
The magic dart hits the orc but does no damage.
The orc is moderately wounded.
The bat closely misses you. The orc misses you.
The gnoll hits you from afar with a +2 vorpal halberd!
You die...

≈≈.≈≈.. ##g.~#.##
..g....###
####g........
#!(#.......J.
#()#..# ##b#..#
#..gg.# #..
#@##....$#..
#oSK...###..
##.o#....#.# #
..##.#.#.# ...
......#...###....
.................
.......o<.....#
.......o......#
...K.........#


You could see 2 gnolls, 2 orcs, a bat, a ball python and a kobold.

Vanquished Creatures
  An adder (D:2)
  2 worms (D:2)
  5 dart slugs
  An orc (D:3)
  6 ball pythons
  4 bats
  2 endoplasms (D:2)
  8 goblins
  2 hobgoblins (D:1)
  2 jackals (D:1)
  3 quokkas
  6 frilled lizards
  3 kobolds
  5 rats
  A spectral goblin (D:1)
51 creatures vanquished.

Notes
Turn   | Place    | Note
-------+----------+-------------------------------------------
     0 | D:1      | GorkyZ the Gargoyle Hedge Wizard began the quest for the
                  | Orb.
     0 | D:1      | Reached XP level 1. HP: 10/10 MP: 4/4
   118 | D:1      | Reached skill level 1 in Summonings
   118 | D:1      | Reached skill level 1 in Translocations
   302 | D:1      | Reached XP level 2. HP: 15/15 MP: 1/6
   989 | D:1      | Reached XP level 3. HP: 19/19 MP: 5/7
  1247 | D:1      | Found a faded altar of an unknown god.
  2106 | D:2      | Reached XP level 4. HP: 24/24 MP: 4/8
  2891 | D:2      | Reached skill level 1 in Poison Magic
  3470 | D:3      | Found Qalabod's Assorted Antiques.
  3483 | D:3      | Slain by a gnoll

Illustrated notes

Levels and vault maps discovered:
D:1:      nzn_arrival_crosshair, layout_loops_ring,
          dreamdust_ecumenical_altar_drowned_temple
D:2:      layout_basic
D:3:      layout_rooms, serial_shops, nicolae_shop_waterfront,
          supply_closet_lemuel

Skill      XL: |  1  2  3  4 |
---------------+-------------+-----
Summonings     | 1 |  1.4
Translocations | 1 |  1.5
Dodging        | 2 |  2.0
Poison Magic   | 1 |  1.0
Conjurations   | 2 |  2.0
Stealth        | |  2.1
Spellcasting   | |  3.3
Air Magic      | |  0.8

Action                   |  1- 3 |  4- 6 || total
-------------------------+-------+-------++-------
Melee: Dagger            |    37 |    42 ||    79
 Cast: Magic Dart        |    92 |    53 ||   145
  Use: Potion            |     1 |       ||     1
Armor: Robe              |    12 |    14 ||    26
Dodge: Dodged            |    22 |    47 ||    69
